 Dungeon Crawl Stone Soup version 0.27.0-1-g7a089689b8 (webtiles) character file.

Game seed: 14985907208617347723

15927 gimp the Severer (level 12, -10/100 (104) HPs)
             Began as a Hill Orc Fighter on Aug 12, 2021.
             Was a Priest of Qazlal.
             Mangled by a large slime creature (34 damage)
             ... on level 12 of the Dungeon.
             The game lasted 00:21:59 (13505 turns).

gimp the Severer (Hill Orc Fighter)                Turns: 13505, Time: 00:21:59

HP:   -10/100 (104) AC: 15    Str: 22    XL:     12   Next: 32%
MP:   16/16         EV: 10    Int: 10    God:    Qazlal [***...]
Gold: 624           SH: 18    Dex: 14    Spells: 11/11 levels left

rFire    + + +     SeeInvis +   a - +10 hand axe of the Blind Eye {vorpal, Dex+2}
rCold    x . .     Faith    .   c - +0 kite shield
rNeg     . . .     Spirit   .   N - +0 plate armour
rPois    .         Reflect  .   o - +0 helmet
rElec    .         Harm     .   (no cloak)
rCorr    .         Rampage  .   e - +0 pair of gloves
Will     .....                  w - +1 pair of boots
Stlth    ..........             (no amulet)
HPRegen  0.26/turn              s - +4 ring of evasion
MPRegen  0.15/turn              b - ring "Xoared" {Wiz rF+++ rC- Int+2 SInv}

@: lightly drained
A: no striking features
a: Renounce Religion, Upheaval, Elemental Force


You were on level 12 of the Dungeon.
You worshipped Qazlal.
Qazlal was most pleased with you.
You visited 2 branches of the dungeon, and saw 15 of its levels.
You also visited: Sewer and Bailey.

You collected 624 gold pieces.

Inventory:

Hand Weapons
 a - the +10 hand axe of the Blind Eye (weapon) {vorpal, Dex+2}
   (You found it on level 10 of the Dungeon)

   It inflicts extra damage upon your enemies.
   Dex:       It affects your dexterity (+2).
 D - a +1 broad axe
 H - a +0 war axe
Missiles
 l - 7 boomerangs
 v - 19 poisoned darts (quivered)
 G - a curare-tipped dart
 J - 2 throwing nets
Armour
 c - a +0 kite shield (worn)
 e - a +0 pair of gloves (worn)
 o - a +0 helmet (worn)
 w - a +1 pair of boots (worn)
 N - a +0 plate armour (worn)
Jewellery
 b - the ring "Xoared" (right hand) {Wiz rF+++ rC- Int+2 SInv}
   (You acquired it in a bailey)

   [ring of wizardry]

   It improves your spell success rate.
   Int:       It affects your intelligence (+2).
   rF:        It renders you almost immune to fire.
   rC:        It makes you vulnerable to cold.
   SInv:      It lets you see invisible.
 j - a +6 ring of dexterity
 n - a ring of fire
 r - a +4 ring of evasion
 s - a +4 ring of evasion (left hand)
 t - a ring of positive energy
Wands
 x - a wand of flame (25)
 y - a wand of charming (3)
Scrolls
 g - a scroll of fog
 m - 4 scrolls of teleportation
 u - 3 scrolls of blinking
 z - a scroll of summoning
 B - a scroll of fear
Potions
 d - 2 potions of ambrosia
 f - 7 potions of curing
 h - 4 potions of flight
 i - 6 potions of heal wounds
 k - 2 potions of attraction {unknown}
 p - 7 potions of haste
 q - 3 potions of resistance
 C - 3 potions of magic
 E - 2 potions of cancellation
 F - 3 potions of invisibility
 I - a potion of might
 L - 5 potions of mutation
Miscellaneous
 K - a box of beasts


   Skills:
 - Level 9.0 Fighting
 * Level 15.8 Axes
 - Level 3.2 Armour
 + Level 14.4 Shields
 + Level 5.5 Invocations


You had 11 spell levels left.
You didn't know any spells.
Your spell library contained the following spells:

 Spells                   Type           Power      Damage    Failure   Level
 Corpse Rot               Necr/Air       N/A        N/A       99%         2
 Static Discharge         Conj/Air       0%         N/A       99%         2
 Dispel Undead            Necr           0%         3d6       100%        4
 Alistair's Intoxication  Tmut/Pois      0%         N/A       100%        5
 Borgnjor's Vile Clutch   Necr/Erth      0%         N/A       100%        5
 Lightning Bolt           Conj/Air       0%         1d11      100%        5
 Death Channel            Necr           0%         N/A       100%        6
 Eringya's Noxious Bog    Tmut/Pois      0%         N/A       100%        6
 Maxwell's Capacitive Co  Air            0%         ∞         100%        8


Dungeon Overview and Level Annotations

Branches:
Dungeon (14/15)            Temple (1/1) D:5            Lair (0/6) D:9
  Sewer (visited)          Bailey (visited)
    Orc: D:9-12      Vaults: D:13-14

Altars:
Ashenzari
Cheibriados
Dithmenos
Elyvilon
Fedhas
Gozag
Hepliaklqana
Kikubaaqudgha
Makhleb
Nemelex Xobeh
Okawaru
Qazlal
Ru
Sif Muna
Trog
Uskayaw
Vehumet
Wu Jian
Xom
Yredelemnul
Zin
The Shining One

Annotations:
D:6 exclusion: door
D:8 3 runed translucent doors, pkoi's ghost, novice TrMo
D:12 Nergalle


Message History

You hit the slime creature. You hit Nergalle but do no damage.
Nergalle is severely wounded.
You hit the slime creature.
Nergalle gestures at you while chanting.
Orcish apparitions take form around you.
You block the slime creature's attack.
You hit Nergalle but do no damage.
Nergalle is severely wounded.
You hit the slime creature.
Two slime creatures merge to form a large slime creature.
A slime creature comes into view.
Nergalle says, "THAT's why.
How awful.
You!"
You block Nergalle's attack.
A slime creature comes into view.
The slime creature quivers.
You block the spectral orc knight's attack.
Two slime creatures merge to form a large slime creature.
Nergalle barely misses you.
You block the spectral orc knight's attack.
You block the spectral orc's attack. You block Nergalle's attack.
Found a stone staircase leading up.
You closely miss Nergalle.
Nergalle is severely wounded.
You hit the spectral orc knight but do no damage.
You hit the spectral orc.
The large slime creature is engulfed in blazing flames.
You block the spectral orc knight's attack.
You block the spectral orc's attack.
You hit Nergalle.
Nergalle is severely wounded.
You slash the large slime creature! You hit the spectral orc knight.
You slash the spectral orc!
You destroy the spectral orc!
A slime creature comes into view.
Nergalle points at you and mumbles some strange words.
The bolt of negative energy hits you!!
You feel drained.
* * * LOW HITPOINT WARNING * * *
The large slime creature hits you!!
You die...

+.. #....
#....
#...< ..J
#####.###
#.....J>#
#.....oJ#
#.....@Z#
#....○..#
#.......#
#........
#......<##
.........#
##.......#
##.######


You could see 2 large slime creatures, a slime creature, Nergalle and a spectral
orc knight (summoned).

Vanquished Creatures
  2 two-headed ogres
  An orc knight (Bailey)
  An ugly thing (D:13)
  2 manticores
  An orc sorcerer (D:8)
  Joseph (D:8)
  An unseen horror (D:10)
  3 meliai (D:10)
  A troll (D:11)
  10 yaks (D:9)
  A shadow (D:10)
  A wraith (D:7)
  2 steam dragons
  3 vampire mosquitoes (D:13)
  A basilisk (D:13)
  Menkaure (D:5)
  2 acid dragons
  A water moccasin (D:8)
  7 orc warriors
  A sky beast (D:5)
  A hornet zombie (D:7)
  A black bear (D:7)
  An ice beast (D:8)
  A necrophage (D:5)
  An ogre (D:7)
  4 kobold brigands (Sewer)
  Blork the orc (D:6)
  2 bullfrogs (D:8)
  3 scorpions
  A wyvern skeleton (D:7)
  5 killer bees (D:9)
  7 howler monkeys
  11 wights
  A bullfrog zombie (D:6)
  2 jellies (D:5)
  A centaur zombie (D:8)
  8 orc priests
  3 centaur skeletons
  A gnoll shaman (D:6)
  A bullfrog skeleton (D:6)
  An iguana (D:5)
  Ijyb (D:5)
  20 orc wizards
  A hound skeleton (D:5)
  13 gnolls
  6 adders
  4 river rats
  4 shadow imps
  2 white imps
  3 ufetubi (D:5)
  2 worms (D:2)
  66 orcs
  13 ball pythons
  3 bats
  9 endoplasms
  6 giant cockroaches
  16 goblins
  6 hobgoblins
  4 jackals (D:1)
  6 quokkas
  5 frilled lizards
  32 kobolds
  A quokka skeleton (D:4)
  26 rats
349 creatures vanquished.

Vanquished Creatures (collateral kills)
  An orc knight (Bailey)
  3 electric eels (D:6)
4 creatures vanquished.

Vanquished Creatures (others)
  A gnoll (D:5)
  6 plants
7 creatures vanquished.

Grand Total: 360 creatures vanquished

Notes
Turn   | Place    | Note
-------+----------+-------------------------------------------
     0 | D:1      | gimp the Hill Orc Fighter began the quest for the Orb.
     0 | D:1      | Reached XP level 1. HP: 19/19 MP: 1/1
   240 | D:1      | Reached skill level 3 in Axes
   243 | D:1      | Reached XP level 2. HP: 26/27 MP: 2/2
   442 | D:1      | Reached XP level 3. HP: 32/33 MP: 3/3
   863 | D:1      | Reached skill level 4 in Axes
  1087 | D:2      | Reached XP level 4. HP: 17/41 MP: 4/4
  1097 | D:2      | Reached skill level 5 in Axes
  1097 | D:2      | Reached XP level 5. HP: 20/47 MP: 5/5
  1511 | D:2      | Found a broken altar of Ashenzari.
  2586 | D:4      | Reached skill level 5 in Fighting
  2586 | D:4      | Reached skill level 6 in Axes
  2656 | D:4      | Reached XP level 6. HP: 53/56 MP: 6/6
  3140 | D:5      | Entered Level 5 of the Dungeon
  3199 | D:5      | Found a blossoming altar of Fedhas.
  3264 | D:5      | Noticed Ijyb
  3278 | D:5      | Killed Ijyb
  3534 | D:5      | Reached skill level 7 in Axes
  3534 | D:5      | Reached skill level 5 in Shields
  3534 | D:5      | Reached XP level 7. HP: 61/61 MP: 7/7
  3959 | D:5      | Noticed a steam dragon
  3988 | D:5      | Killed a steam dragon
  3989 | D:5      | Reached skill level 8 in Axes
  3989 | D:5      | Reached XP level 8. HP: 26/71 MP: 8/8
  4199 | D:5      | Found a staircase to the Ecumenical Temple.
  4285 | Temple   | Entered the Ecumenical Temple
  4347 | Temple   | Became a worshipper of Qazlal Stormbringer
  4435 | D:5      | Noticed Menkaure
  4442 | D:5      | Killed Menkaure
  4443 | D:5      | Reached skill level 9 in Axes
  4717 | D:5      | Identified the +11 quarterstaff "Vaitsy" {vorpal, Fragile
                  | rF+ Int+2 Dex+8}
  5329 | D:6      | Noticed Blork the orc
  5343 | D:6      | Killed Blork the orc
  5579 | D:6      | Reached skill level 10 in Axes
  5954 | D:6      | Found a glowing drain.
  5958 | Sewer    | Entered a sewer
  5997 | Sewer    | Reached * piety under Qazlal
  6158 | Sewer    | Reached ** piety under Qazlal
  6231 | Sewer    | Reached XP level 9. HP: 76/79 MP: 9/9
  6914 | D:6      | Reached skill level 11 in Axes
  6954 | D:6      | Noticed a manticore
  6986 | D:6      | Killed a manticore
  8491 | D:6      | Reached skill level 12 in Axes
  8911 | D:8      | Noticed Joseph
  8914 | D:8      | Noticed an orc sorcerer
  8922 | D:8      | Noticed a rust devil
  8931 | D:8      | Killed Joseph
  8931 | D:8      | Reached *** piety under Qazlal
  8935 | D:8      | Paralysed by an orc sorcerer for 4 turns
  8942 | D:8      | Killed an orc sorcerer
  8943 | D:8      | Reached skill level 13 in Axes
  8943 | D:8      | Reached XP level 10. HP: 59/91 MP: 10/10
  9501 | D:8      | Found a runed translucent gate.
  9502 | D:8      | Found a runed translucent gate.
  9502 | D:8      | Found an opulent altar of Gozag.
  9504 | D:8      | Found a runed translucent gate.
  9513 | D:8      | Noticed a cyclops
  9513 | D:8      | Noticed pkoi's ghost (novice TrMo)
  9525 | D:8      | Reached XP level 11. HP: 97/97 MP: 11/11
 10138 | D:9      | Reached skill level 14 in Axes
 10468 | D:9      | Noticed a two-headed ogre
 10542 | D:8      | Reached skill level 1 in Invocations
 10725 | D:9      | Found a staircase to the Lair.
 11137 | D:9      | Killed a two-headed ogre
 11431 | D:10     | Entered Level 10 of the Dungeon
 11478 | D:10     | Noticed a two-headed ogre
 11484 | D:10     | Identified the +10 hand axe of the Blind Eye {vorpal,
                  | Dex+2}
 11499 | D:10     | Killed a two-headed ogre
 11813 | D:10     | Reached skill level 15 in Axes
 12120 | D:10     | Reached XP level 12. HP: 103/104 MP: 15/15
 12808 | D:11     | You fall into a shaft and drop 3 floors!
 12847 | D:13     | Noticed a five-headed hydra
 12849 | D:13     | Reached skill level 5 in Invocations
 12856 | D:13     | Found a flagged portal.
 12865 | Bailey   | Entered a bailey
 13115 | Bailey   | Reached **** piety under Qazlal
 13197 | Bailey   | Acquired the ring "Xoared" {Wiz rF+++ rC- Int+2 SInv}
 13482 | D:13     | Noticed a centaur warrior
 13485 | D:13     | Noticed a six-headed hydra
 13486 | D:13     | Noticed a centaur warrior
 13490 | D:12     | Noticed Nergalle
 13505 | D:12     | Mangled by a large slime creature

Illustrated notes

Levels and vault maps discovered:
D:1:      wander_arrival_desolate, layout_loops_corners
D:2:      layout_basic, basic_altar, minmay_3d_cube
D:3:      layout_basic
D:4:      layout_loops_ring, hangedman_abyss_or_decor_lesser_grid
D:5:      corexii_shantytown, layout_basic, mainiacjoe_overflow_surrounded_room,
          minmay_diced_spiral, uniq_ijyb, uniq_menkaure
D:6:      cheibrodos_two_vegetables, layout_cave_pods, gup_sewer_entry_spiral,
          chequers_serial_rivers_micro_d, uniq_blork_the_orc
D:7:      layout_basic
D:8:      cheibrodos_wizards_tower, layout_loops_ring, ebering_ghost_gozag,
          uniq_joseph
D:9:      minmay_flawed_box, layout_small_grid, lair_entry_dummy
D:10:     layout_basic, corexii_corridor_pit
D:11:     layout_rooms, zombieorc1_lemuel, serial_shops, shop,
          gammafunk_ghost_stat_death
D:12:     layout_roguey, ebering_ghost_funeral_grove, minmay_misc_feat_encased,
          minivault_15, uniq_nergalle, uniq_erolcha
D:13:     layout_cave_pools, enter_bailey_5
D:14:     layout_irregular_city, hangedman_vaults_entry_quadrant_bands,
          kiku_gazebo_pond_becter, serial_column_ruins,
          column_ruins_square_medium, column_ruins_hut_pillars,
          column_ruins_columns_straight, column_ruins_columns_straight,
          column_ruins_grid_4, column_ruins_grid_4,
          column_ruins_columns_straight, minmay_alternating_orb
Temple:   grunt_wide_crystal_templ

Skill      XL: |  1  2  3  4  5  6  7  8  9 10 11 12 |
---------------+-------------------------------------+-----
Axes           | 3 4 5 6 7 8 10 13 15 | 15.8
Fighting       | 4 5 6 7 9 |  9.0
Shields        | 4 5 6 8 13 14 | 14.4
Invocations    | 4 5 |  5.5
Armour         | |  3.2

Action                   |  1- 3 |  4- 6 |  7- 9 | 10-12 || total
-------------------------+-------+-------+-------+-------++-------
Melee: War axe           |    92 |   145 |    10 |       ||   247
       Hand axe          |       |       |   442 |   371 ||   813
Throw: Dart              |       |       |     4 |     6 ||    10
Invok: Upheaval          |       |       |       |     5 ||     5
       Elemental Force   |       |       |       |     1 ||     1
Evoke: Wand              |       |     7 |     7 |     2 ||    16
       Box of beasts     |       |       |     1 |       ||     1
  Use: Potion            |     1 |     1 |     5 |     6 ||    13
       Scroll            |       |       |    13 |    14 ||    27
Armor: Scale mail        |    45 |    67 |    30 |       ||   142
       Chain mail        |       |       |    85 |       ||    85
       Plate armour      |       |       |    11 |    79 ||    90
Dodge: Dodged            |    30 |    48 |   100 |    89 ||   267
Block: Kite shield       |    46 |    67 |   260 |   289 ||   662
